 Dungeon Crawl Stone Soup version 0.25-a0-356-g7c9d860b3b (webtiles) character file.

Game seed: 9864567061929024604, levelgen mode: deterministic

10571 Dustman the Fighter (level 11, -3/89 HPs)
             Began as a Human Gladiator on Jan 3, 2020.
             Slain by a spectral snapping turtle (19 damage)
             ... called from beyond by a ghost crab
             ... in a Gauntlet.
             The game lasted 01:01:55 (8696 turns).

Dustman the Fighter (Human Gladiator)               Turns: 8696, Time: 01:01:56

Health: -3/89      AC:  8    Str: 14    XL:     11   Next: 95%
Magic:  18/18      EV: 21    Int: 13    God:
Gold:   388        SH:  0    Dex: 16    Spells: 9/19 levels left

rFire    . . .     SeeInvis .   A - +8 dagger of Proximity {elec, +Inv rN+}
rCold    . . .     Gourm    .   (no shield)
rNeg     + . .     Faith    .   M - +1 robe {MR+}
rPois    .         Spirit   .   c - +0 helmet
rElec    .         Reflect  .   I - +0 cloak
rCorr    .         Harm     .   p - +0 pair of gloves
MR       +....     NoTele   +   v - +0 pair of boots
Stlth    +++.......             D - amulet of the acrobat
HPRegen  0.24/turn              N - +2 ring of intelligence
MPRegen  0.16/turn              a - +2 ring of evasion

@: very slightly contaminated, lightly drained, invisible
A: no striking features
a: no special abilities


You were in a Gauntlet.
You were very hungry.

You visited 2 branches of the dungeon, and saw 12 of its levels.
You also visited: Gauntlet.

You collected 505 gold pieces.
You spent 117 gold pieces at shops.

Inventory:

Hand Weapons
 A - the +8 dagger of Proximity (weapon) {elec, +Inv rN+}
   (You found it on level 6 of the Dungeon)

   Occasionally, upon striking a foe, it will discharge some electrical energy
   and cause terrible harm.
   It protects you from negative energy.
   It lets you turn invisible.
 K - a +0 scimitar of flaming
 O - a +0 antimagic short sword
 T - a +0 scimitar of holy wrath
Missiles
 d - 8 throwing nets
 k - 26 poisoned darts (quivered)
Armour
 c - a +0 helmet (worn)
 p - a +0 pair of gloves (worn)
 v - a +0 pair of boots (worn)
 I - a +0 cloak (worn)
 M - a +1 robe of magic resistance (worn)
Jewellery
 a - a +2 ring of evasion (right hand)
 e - an uncursed ring of magical power
 D - an amulet of the acrobat (around neck)
 N - a +2 ring of intelligence (left hand)
Wands
 s - a wand of flame (12)
 w - a wand of clouds (1)
 B - a wand of paralysis (1)
 L - a wand of acid (7)
 P - a wand of digging (4)
Scrolls
 b - 4 scrolls of enchant armour {unknown}
 i - 9 scrolls of identify
 j - 2 scrolls of enchant weapon {unknown}
 l - 2 scrolls of magic mapping {unknown}
 n - 6 scrolls of remove curse {unknown}
 o - 7 scrolls of teleportation {unknown}
 r - 4 scrolls of amnesia {unknown}
 t - 2 scrolls of noise {unknown}
 y - 5 scrolls of fear {unknown}
 F - 2 scrolls of brand weapon {unknown}
 R - a scroll of blinking {unknown}
Potions
 h - 3 potions of heal wounds
 m - 3 potions of curing
 q - 2 potions of berserk rage {unknown}
 u - 3 potions of agility {unknown}
 x - 3 potions of lignification {unknown}
 z - a potion of flight {unknown}
 C - a potion of mutation {unknown}
 G - a potion of might {unknown}
 J - 2 potions of ambrosia
 S - a potion of resistance {unknown}
Comestibles
 f - 26 rations
 g - a chunk of flesh


   Skills:
 + Level 9.6(9.3) Fighting
 - Level 4.0(3.7) Short Blades
   Level 4.0(3.8) Staves
 - Level 2.0(1.7) Throwing
 - Level 4.0(3.7) Armour
 + Level 9.4(9.1) Dodging
 - Level 5.5(5.2) Stealth
 + Level 4.7(4.5) Spellcasting
 + Level 5.2(4.9) Poison Magic
 - Level 5.5(5.3) Evocations


You had 9 spell levels left.
You knew the following spells:

 Your Spells              Type           Power        Failure   Level  Hunger
a - Mephitic Cloud        Conj/Pois/Air  #.......     30%         3    ###....
b - Olgreb's Toxic Radia  Pois           ###.....     26%         4    ####...
c - Ignite Poison         Fire/Tmut/Pois #.......     30%         3    ###....

Your spell library contained the following spells:

 Spells                   Type           Power        Failure   Level  Hunger
 Sting                    Tmut/Pois      #...         7%          1    None
 Poisonous Vapours        Pois/Air       #.....       11%         2    ##.....
 Beastly Appendage        Tmut           #.....       21%         1    None
 Freeze                   Ice            #...         21%         1    None
 Spider Form              Tmut/Pois      #.........   22%         3    ###....
 Sticks to Snakes         Tmut           #.......     30%         2    ##.....
 Ozocubu's Armour         Chrm/Ice       #.......     52%         3    ###....
 Hailstorm                Conj/Ice       #.......     89%         4    ####...
 Ice Form                 Ice/Tmut       #.......     89%         4    ####...
 Summon Ice Beast         Ice/Summ       #.......     89%         4    ####...
 Blade Hands              Tmut           #.........   99%         5    ######.


Dungeon Overview and Level Annotations

Branches:
Dungeon (11/15)            Temple (1/1) D:6            Lair (0/6) D:11
Gauntlet (1/1)
    Orc: D:9-12

Altars:
Ashenzari
Cheibriados
Elyvilon
Fedhas
Gozag
Hepliaklqana
Kikubaaqudgha
Makhleb
Nemelex Xobeh
Okawaru
Qazlal
Ru
Sif Muna
Trog
Uskayaw
Vehumet
Wu Jian
Xom
Yredelemnul
Zin
The Shining One
Beogh

Shops:
D:8 *   D:9 :   D:11 }*(!

Annotations:
D:3 3 runed translucent doors, Glalom's ghost, amateur DEFE
D:4 Grinder Gauntlet 7 transporters, exclusion: obsidian statue


Message History

You hit the ghost crab but do no damage.
The ghost crab is almost destroyed.
* * * LOW HITPOINT WARNING * * *
The ghost crab bites you.
* * * LOW HITPOINT WARNING * * *
The ghost crab closely misses you.
The spectral fire crab barely misses you.
The spectral fire crab claws you but does no damage.
The spectral snapping turtle bites you!
* * * LOW HITPOINT WARNING * * *
You feel much better.
The spectral fire crab bites you but does no damage.
The spectral fire crab claws you.
* * * LOW HITPOINT WARNING * * *
You partially resist.
You feel drained. The ghost crab closely misses you. The ghost crab claws you.
* * * LOW HITPOINT WARNING * * *
You partially resist.
You feel drained.
The spectral snapping turtle bites you!!
You die...

#≈...###########.......
##...#.........#...####
#§.∩.#.#.#.#.#.#...#YY.
##.!.#..#.#.#..#####Y.#
#≈...#.#.#.#.#(#...#..#
##.8©#..#.©.#.©#©.©#..#
#≈...#.#.#.#.#$#...#..#
##...#ZZ#.#.#.[#####..#
#≈.∩.#@#○#.#.#.#...#...
##...#°t.......#...####
#≈...###########..
##................
##.8.....8.....8
≈.............
##...#########
≈...#hhh....


You could see a hell hog (wandering), a ghost crab, a spectral fire crab, a
spectral snapping turtle and 2 hell hounds.

Vanquished Creatures
  Harold (D:9)
  Erica (D:8)
  Pikel (D:7)
  An elephant (D:11)
  A kobold demonologist (D:11)
  A slime creature (D:9)
  A hippogriff (D:8)
  A wraith (D:9)
  2 basilisks (D:11)
  12 yaks
  Grum (D:9)
  Menkaure (D:7)
  Duvessa (D:7)
  3 orc warriors
  A sky beast (D:9)
  3 ice beasts
  A slave (D:6)
  3 phantoms
  A black bear (D:8)
  5 ogres
  A necrophage (D:10)
  3 wolves (D:9)
  3 centaurs
  A big kobold (D:8)
  5 bullfrogs
  A gnoll sergeant (D:7)
  4 scorpions
  Dowan (D:7)
  10 killer bees
  11 wights
  5 howler monkeys
  An electric eel (D:11)
  2 crimson imps
  A quasit (D:9)
  2 jellies (D:6)
  A centaur zombie (D:8)
  A bullfrog zombie (D:7)
  5 orc priests
  A hound (D:4)
  A centaur skeleton (D:5)
  4 iguanas
  13 orc wizards
  4 bullfrog skeletons
  9 worker ants
  A hound zombie (D:6)
  2 hound skeletons
  A worker ant zombie (D:5)
  9 gnolls
  5 adders
  2 shadow imps
  An ooze (D:3)
  2 adder zombies
  An adder skeleton (D:4)
  2 worms (D:2)
  2 leopard geckos
  28 orcs
  2 ball pythons
  2 giant cockroaches
  7 goblins
  4 hobgoblins
  7 jackals
  6 quokkas
  4 bats
  5 frilled lizards
  A giant cockroach zombie (D:5)
  2 gnoll zombies (D:7)
  A jackal skeleton (D:8)
  9 kobolds
  A leopard gecko skeleton (D:7)
  A leopard gecko zombie (D:5)
  A quokka zombie (D:7)
  3 rats
244 creatures vanquished.

Vanquished Creatures (others)
  An orc warrior (D:10)
  An orc (D:8)
2 creatures vanquished.

Grand Total: 246 creatures vanquished

Notes
Turn   | Place    | Note
-------+----------+-------------------------------------------
     0 | D:1      | Dustman the Human Gladiator began the quest for the Orb.
     0 | D:1      | Reached XP level 1. HP: 16/16 MP: 1/1
   242 | D:1      | Reached XP level 2. HP: 19/22 MP: 2/2
   497 | D:2      | Reached skill level 1 in Armour
   497 | D:2      | Reached skill level 1 in Stealth
   497 | D:2      | Reached XP level 3. HP: 18/28 MP: 3/3
   952 | D:3      | Reached XP level 4. HP: 33/34 MP: 4/4
  1108 | D:3      | Found a runed translucent gate.
  1109 | D:3      | Found a runed translucent gate.
  1109 | D:3      | Identified the +8 mace of Gallantry {freeze, rElec rPois
                  | Int+4 Dex-2}
  1109 | D:3      | Identified the +7 chain mail "Omeu" {MP-9 Int+3 Stlth+}
  1110 | D:3      | Found a runed translucent gate.
  1110 | D:3      | Found a roughly hewn altar of Beogh.
  1110 | D:3      | Noticed Glalom's ghost (amateur DEFE)
  2030 | D:4      | Noticed Grinder
  2111 | D:4      | Reached XP level 5. HP: 35/41 MP: 5/5
  2387 | D:4      | Reached XP level 6. HP: 41/47 MP: 6/6
  2473 | D:4      | Noticed an ogre
  2474 | D:4      | Noticed an ogre
  2479 | D:5      | Entered Level 5 of the Dungeon
  2499 | D:5      | Noticed an ice beast
  2519 | D:5      | Killed an ice beast
  2543 | D:5      | Found an ornate altar of the Wu Jian Council.
  2550 | D:5      | Reached XP level 7. HP: 42/54 MP: 7/7
  2588 | D:5      | Found a sparkling altar of Nemelex Xobeh.
  2964 | D:5      | Found a hazy altar of Hepliaklqana.
  3020 | D:5      | Found a white marble altar of Elyvilon.
  3041 | D:5      | Reached skill level 5 in Fighting
  3216 | D:4      | Reached XP level 8. HP: 57/62 MP: 8/8
  3377 | D:6      | Reached skill level 5 in Dodging
  3580 | D:6      | Got a bloodstained dagger
  3581 | D:6      | Identified the +8 dagger of Proximity {elec, +Inv rN+} (You
                  | found it on level 6 of the Dungeon)
  3618 | D:6      | Found a staircase to the Ecumenical Temple.
  3626 | Temple   | Entered the Ecumenical Temple
  3804 | D:6      | Reached skill level 1 in Short Blades
  3804 | D:6      | Reached skill level 1 in Evocations
  4104 | D:7      | Noticed Menkaure
  4118 | D:7      | Killed Menkaure
  4163 | D:7      | Noticed Dowan
  4167 | D:7      | Reached XP level 9. HP: 57/69 MP: 11/11
  4199 | D:7      | Noticed Duvessa
  4403 | D:8      | Noticed a hippogriff
  4408 | D:8      | Killed a hippogriff
  5224 | D:7      | Noticed Pikel
  5403 | D:7      | Killed Dowan
  5410 | D:7      | Killed Duvessa
  5488 | D:7      | Killed Pikel
  5488 | D:7      | Reached skill level 5 in Evocations
  5488 | D:7      | Reached XP level 10. HP: 80/80 MP: 14/14
  5704 | D:7      | Found a basalt altar of Yredelemnul.
  5787 | D:8      | Learned a level 3 spell: Mephitic Cloud
  5930 | D:8      | Reached skill level 1 in Spellcasting
  5930 | D:8      | Reached skill level 1 in Poison Magic
  6061 | D:8      | Found a hide-covered altar of Uskayaw.
  6111 | D:8      | Noticed Erica
  6132 | D:8      | Killed Erica
  6326 | D:8      | Found Xingi's Lightly-Used Armoury.
  6544 | D:9      | Found Tist's Book Shoppe.
  6592 | D:9      | Reached XP level 11. HP: 69/87 MP: 15/15
  6643 | D:9      | Noticed Grum
  6802 | D:9      | Noticed Harold
  6977 | D:9      | Found a stormy altar of Qazlal.
  6977 | D:9      | Found a bloodstained altar of Trog.
  7068 | D:9      | Reached skill level 5 in Stealth
  7179 | D:9      | Killed Harold
  7184 | D:9      | Killed Grum
  7414 | D:9      | Noticed a two-headed ogre
  7600 | D:10     | Entered Level 10 of the Dungeon
  8347 | D:11     | Found Kalurowk's Distillery.
  8356 | D:11     | Bought a potion of degeneration for 13 gold pieces
  8356 | D:11     | Bought a potion of curing for 39 gold pieces
  8356 | D:11     | Bought a potion of heal wounds for 65 gold pieces
  8362 | D:11     | Found a staircase to the Lair.
  8375 | D:11     | Reached skill level 5 in Poison Magic
  8391 | D:11     | Noticed an elephant
  8400 | D:11     | Killed an elephant
  8436 | D:11     | Found Bojemom's Assorted Antiques.
  8459 | D:11     | Found Lyjuo's Gadget Emporium.
  8559 | D:11     | Found Yxodukha's Antique Weapon Boutique.
  8576 | D:11     | Found a gate leading to a gauntlet.
  8586 | Gauntlet | Entered a Gauntlet
  8586 | Gauntlet | Found a transporter.
  8586 | Gauntlet | Noticed a wolf spider
  8591 | Gauntlet | Found a transporter.
  8592 | Gauntlet | Found a transporter.
  8592 | Gauntlet | Noticed a ghost crab
  8593 | Gauntlet | Found a transporter.
  8596 | Gauntlet | Found a transporter.
  8597 | Gauntlet | Found a transporter.
  8599 | Gauntlet | Noticed a death yak
  8600 | Gauntlet | Noticed a death yak
  8602 | Gauntlet | Noticed a death yak
  8603 | Gauntlet | Noticed a death yak
  8605 | Gauntlet | Noticed a necromancer
  8609 | Gauntlet | Found a transporter.
  8620 | Gauntlet | Found a transporter.
  8620 | Gauntlet | Noticed an obsidian statue
  8639 | Gauntlet | Noticed an entropy weaver
  8671 | Gauntlet | Learned a level 4 spell: Olgreb's Toxic Radiance
  8675 | Gauntlet | Learned a level 3 spell: Ignite Poison
  8685 | Gauntlet | Noticed a hell hog
  8696 | Gauntlet | Slain by a spectral snapping turtle

Levels and vault maps discovered:
D:1:      minmay_arrival_shattered_statue, layout_rooms, minmay_misc_feat_doors
D:2:      layout_basic, first_ration
D:3:      layout_basic, biasface_ghost_orc_armoury
D:4:      layout_layer_cave, grunt_dithmenos_smoke_and_mirrors, uniq_grinder
D:5:      layout_rooms, nemelex_xobeh_ov_fountains_minmay, kennysheep_mini,
          marbit_many_paths, basic_altar
D:6:      layout_basic, minmay_temple_entry_stoned_glass, serial_curves,
          eino_curves_02, eino_curves_04, eino_curves_03, eino_curves_04,
          hangedman_decor_diamond_cutter
D:7:      layout_rooms, lemuel_zombie_altar_yredelemnul, grunt_ogre_cave,
          uniq_duvessa, uniq_menkaure, uniq_pikel
D:8:      layout_gridville, lemuel_coloured_pillars_altar,
          minmay_misc_feat_alley, hangedman_glass_teeth, minmay_shop_damaged,
          uniq_erica
D:9:      layout_irregular_city, minitemple, serial_shops, shop, uniq_harold,
          uniq_grum
D:10:     layout_stronghold, hangedman_decor_clover_reticule
D:11:     layout_gridville, david_lair_generic, david_orc_2,
          gauntlet_entry_generic, serial_shops, kennysheep_mini_moat,
          nicolae_shop_stone, nicolae_shop_waterfront, shop_statue,
          nicolae_shop_waterfront
Temple:   eino_temple_water
Gauntlet: minmay_gauntlet_mixed_oops_all_seconds
          [minmay_gauntlet_arena_77_museum, gammafunk_gauntlet_arena_grid,
          minmay_gauntlet_arena_77_two_lines, gammafunk_gauntlet_arena_corners,
          minmay_gauntlet_arena_77_chump_sandwich,
          gammafunk_gauntlet_arena_teeth, gauntlet_exit_green]

Skill      XL: |  1  2  3  4  5  6  7  8  9 10 11 |
---------------+----------------------------------+-----
Armour         | 1 2 3 4 |  4.0
Stealth        | 1 2 4 5 |  5.5
Fighting       | 3 4 5 6 7 8 9 |  9.6
Staves         | 4 |  4.0
Dodging        | 4 5 7 8 9 |  9.4
Short Blades   | 2 4 |  4.0
Evocations     | 2 5 |  5.5
Spellcasting   | 2 4 |  4.7
Poison Magic   | 3 5 |  5.2
Throwing       | |  2.0

Action                   |  1- 3 |  4- 6 |  7- 9 | 10-12 || total
-------------------------+-------+-------+-------+-------++-------
Melee: Quarterstaff      |    96 |   152 |   170 |       ||   418
       Dagger            |       |       |   186 |   410 ||   596
Throw: Dart              |       |     4 |    12 |     3 ||    19
 Abil: Evoke Invisibilit |       |       |     2 |     5 ||     7
Evoke: Wand              |       |       |     7 |     2 ||     9
  Use: Potion            |     2 |       |       |     3 ||     5
       Scroll            |     2 |       |       |       ||     2
 Stab: Paralysed         |       |       |     4 |       ||     4
       Invisible         |       |       |     5 |    12 ||    17
       Confused          |       |       |     1 |       ||     1
       Sleeping          |       |       |       |     4 ||     4
  Eat: Chunk             |       |     5 |    11 |     8 ||    24
       Ration            |       |       |       |     1 ||     1
Armor: Leather armour    |     5 |       |       |       ||     5
       Ring mail         |    32 |    79 |   113 |    76 ||   300
       Robe              |       |       |       |     8 ||     8
Dodge: Dodged            |    79 |   104 |   245 |   266 ||   694

Table legend:
 A = Non-vault XP
 B = Vault XP
 C = Vault XP percentage of total XP
 D = Non-vault monster count
 E = Vault monster count
 F = Vault count percentage of total count
                 A         B        C        D         E       F
            +---------+---------+-------+---------+---------+-------
      Total |   10483 |    4619 |  30.6 |     226 |      18 |   7.4
            +---------+---------+-------+---------+---------+-------
        D:1 |      11 |       0 |   0.0 |       8 |       0 |   0.0
        D:2 |      70 |       0 |   0.0 |      22 |       0 |   0.0
        D:3 |      51 |       0 |   0.0 |      19 |       0 |   0.0
        D:4 |     280 |       0 |   0.0 |      14 |       0 |   0.0
        D:5 |     610 |      33 |   5.1 |      19 |       1 |   5.0
        D:6 |     545 |       0 |   0.0 |      14 |       0 |   0.0
        D:7 |    1141 |    1051 |  47.9 |      28 |       7 |  20.0
        D:8 |    1946 |     897 |  31.6 |      36 |       1 |   2.7
        D:9 |    3821 |    1562 |  29.0 |      35 |       5 |  12.5
       D:10 |    1219 |       0 |   0.0 |      24 |       0 |   0.0
       D:11 |     789 |    1076 |  57.7 |       7 |       4 |  36.4
            +---------+---------+-------+---------+---------+-------
